[Event "Team 45 45 League T50"]
[Site "Internet Chess Club"]
[Date "2011.08.21"]
[Round "2"]
[White "VietLion"]
[Black "DarkFlow"]
[Result "1/2-1/2"]
[WhiteElo "1894"]
[BlackElo "1951"]
[Opening "Petrov: Cozio (Lasker) attack"]
[ECO "C42"]
[Time "16:20:23"]
[TimeControl "2700+45"]

1. e4 e5 2. Nf3 Nf6 3. Nxe5 d6 4. Nf3 Nxe4 5. Qe2 Qe7 6. d3 Nf6 7. Bg5 Qxe2+ 8.
Bxe2 Be7 9. Nc3 c6 10. Ne4 Nxe4 11. dxe4 Bxg5 12. Nxg5 h6 13. Nf3 Be6 14. O-O-O
d5 15. Nd4 O-O 16. e5 c5 17. Nxe6 fxe6 18. Bg4 Re8 19. f4 Nc6 20. Rhe1 Rad8 21.
Bh3 b5 22. Rd3 b4 23. f5 exf5 24. Bxf5 Rxe5 25. Rxe5 Nxe5 26. Rxd5 Rxd5 27. Be6+
Kf8 28. Bxd5 Ke7 29. h3 Kd6 30. Ba8 Nc4 31. c3 Ke5 32. cxb4 cxb4 33. Kc2 Kd4 34.
Kb3 Kc5 35. a3 bxa3 36. bxa3 Na5+ 37. Ka4 Nc4 38. Bf3 Kb6 39. Kb4 Ne5 40. Be2
a5+ 41. Kc3 Kc5 42. h4 Nc6 43. Kd3 Nd4 44. Bd1 Kd5 45. g4 g5 46. hxg5 hxg5 47.
Ke3 Ke5 {Game drawn by mutual agreement} 1/2-1/2

[Event "Team 45 45 League T50"]
[Site "Internet Chess Club"]
[Date "2011.08.20"]
[Round "2"]
[White "Greedy-Reedy"]
[Black "subterfuge"]
[Result "1-0"]
[WhiteElo "1982"]
[BlackElo "1745"]
[Opening "Caro-Kann: Steinitz variation"]
[ECO "B17"]
[Time "15:00:28"]
[TimeControl "2700+45"]

1. e4 c6 2. d4 d5 3. Nc3 dxe4 4. Nxe4 Nd7 5. Bc4 Ngf6 6. Ng5 e6 7. Qe2 Nb6 8.
Bb3 h6 9. N5f3 Qc7 10. Ne5 a5 11. a4 Nbd5 12. Ngf3 Bd6 13. O-O b6 14. Bd2 Ba6
15. Bc4 Bb7 16. Rfd1 O-O-O 17. Ba6 g5 18. Bxb7+ Kxb7 19. c3 g4 20. Ne1 Rde8 21.
N1d3 Nh7 22. b4 Ng5 23. bxa5 Rhg8 24. Nxg4 h5 25. axb6 Qe7 26. Nge5 f6 27. c4
Nh3+ 28. Kf1 Qg7 29. g3 fxe5 30. dxe5 Nxf2 31. Nxf2 Bxe5 32. cxd5 exd5 33. a5
Bxa1 34. a6+ Kxb6 35. Rb1+ Bb2 36. Rxb2+ Ka7 37. Be3+ d4 38. Rb7+ Qxb7 39. axb7
Rxe3 40. Qa2+ {Black resigns} 1-0

[Event "Team 45 45 League T50"]
[Site "Internet Chess Club"]
[Date "2011.08.20"]
[Round "2"]
[White "Razorbackchess"]
[Black "BigH"]
[Result "0-1"]
[WhiteElo "1795"]
[BlackElo "1916"]
[Opening "Bogo-Indian defense, Nimzovich variation"]
[ECO "E11"]
[Time "07:05:52"]
[TimeControl "2700+45"]

1. d4 Nf6 2. c4 e6 3. Nf3 Bb4+ 4. Bd2 Qe7 5. a3 Bxd2+ 6. Nbxd2 a5 7. g3 d6 8.
Bg2 e5 9. e4 O-O 10. O-O Nbd7 11. Qc2 a4 12. d5 Nc5 13. Ne1 g5 14. Nd3 Nfd7 15.
Nxc5 Nxc5 16. f4 Bd7 17. fxe5 Qxe5 18. Nf3 Qxe4 19. Qd2 f6 20. Nxg5 Qxc4 21. Rf4
Qd3 22. Ne4 Qxd2 23. Nxd2 Rae8 24. Ne4 Nxe4 25. Bxe4 f5 26. Bc2 Re2 27. Rf2 Rxf2
28. Kxf2 f4 29. Re1 fxg3+ 30. Kxg3 Re8 31. Rxe8+ Bxe8 32. Kf4 Kg7 33. Bd1 Kf6
34. Bc2 h6 35. h4 b6 36. Bd1 Bd7 37. Bc2 Be8 38. Bd1 Bb5 39. Bc2 Bc4 40. Bxa4
Bxd5 41. b4 c5 42. bxc5 dxc5 43. Bb5 Bb3 44. Ke4 Ke6 45. Bc6 Kd6 46. Bb7 Bc2+
47. Kf4 c4 48. Ke3 Ke5 49. Kd2 Be4 50. Ba6 Kd4 51. Bc8 c3+ 52. Kc1 Kc4 53. Be6+
Bd5 54. Bd7 Kb3 55. a4 Kb4 56. Kc2 Bb3+ 57. Kd3 Bxa4 58. Bxa4 Kxa4 59. Kxc3 b5
60. Kb2 Kb4 61. Kb1 Kc4 62. Kb2 Kd4 {White resigns} 0-1

[Event "Team 45 45 League T50"]
[Site "Internet Chess Club"]
[Date "2011.08.19"]
[Round "2"]
[White "QueensCounselor"]
[Black "MJYSONG"]
[Result "1/2-1/2"]
[WhiteElo "2136"]
[BlackElo "1891"]
[Opening "Sicilian: Pelikan, Chelyabinsk variation"]
[ECO "B33"]
[Time "14:05:47"]
[TimeControl "2700+45"]

1. e4 c5 2. Nf3 Nc6 3. d4 cxd4 4. Nxd4 Nf6 5. Nc3 e5 6. Ndb5 d6 7. Bg5 a6 8. Na3
b5 9. Nd5 Be7 10. Bxf6 Bxf6 11. c4 b4 12. Nc2 Rb8 13. b3 Bg5 14. g3 Ne7 15. Nce3
Bxe3 16. Nxe3 O-O 17. Bg2 a5 18. O-O Nc6 19. Qd2 Nd4 20. Nc2 Nxc2 21. Qxc2 Qc7
22. Rad1 Be6 23. Rd3 Rb6 24. Rfd1 Qc5 25. Qd2 Rd8 26. Qe3 Qxe3 27. Rxe3 Kf8 28.
f4 f6 29. f5 Bf7 30. Red3 Ke7 31. Bf3 Rc6 32. Kf2 Ra8 33. R1d2 a4 34. g4 h6 35.
Bd1 axb3 36. axb3 Be8 37. h4 Ra1 38. Kg3 Rca6 39. g5 R1a2 40. gxh6 gxh6 41. Kf2
Rxd2+ 42. Rxd2 Bc6 43. Ke3 Ra3 44. Kf3 Ra1 45. Ke3 Rc1 46. Rd3 Be8 47. Kd2 Ra1
48. Ke3 Bf7 49. Rd2 Rc1 50. Rd3 Ra1 51. Rd2 Ra6 52. Rg2 Ra3 53. Kd3 Ra1 54. Rd2
Kd7 55. Ke3 Kc6 56. Kf2 Kc5 57. Ke3 Ra3 58. Kf2 Ra1 59. Ke3 Rc1 60. Rd3 Ra1 61.
Rd2 Ra3 62. Kf2 Ra8 63. Ke3 Rg8 64. Kf2 {Game drawn by mutual agreement} 1/2-1/2

[Event "Team 45 45 League T50"]
[Site "Internet Chess Club"]
[Date "2011.08.18"]
[Round "2"]
[White "Razvanel"]
[Black "fledermaus"]
[Result "0-1"]
[WhiteElo "1995"]
[BlackElo "1965"]
[Opening "Sicilian: Scheveningen variation"]
[ECO "B80"]
[Time "14:00:26"]
[TimeControl "2700+45"]

1. e4 c5 2. Nf3 e6 3. d4 cxd4 4. Nxd4 Nf6 5. Nc3 d6 6. Be3 Be7 7. f3 O-O 8. Qd2
Nc6 9. O-O-O d5 10. exd5 Nxd5 11. Nxd5 Qxd5 12. Nxc6 Qxc6 13. f4 e5 14. fxe5 Bg4
15. Re1 Rfd8 16. Bd3 Qa4 17. Kb1 Be6 18. b3 Qa3 19. Qe2 Bb4 20. Rd1 Bc3 21. Bc1
Qc5 22. Bb2 a5 23. Bxc3 Qxc3 24. Qe1 Qc5 25. Bxh7+ Kf8 26. Qh4 Rdc8 27. Rhf1 a4
28. Qd4 axb3 29. cxb3 Qxd4 30. Rxd4 Ra5 31. Be4 b6 32. Rd6 Rxe5 33. Rxb6 Rxe4
34. Rc1 Rd8 35. a4 Re2 36. Rf1 g6 37. a5 Rdd2 38. h3 Ra2 39. g4 Bd5 40. Rf4 Rxa5
41. Rd4 Be4+ {White resigns} 0-1

[Event "Team 45 45 League T50"]
[Site "Internet Chess Club"]
[Date "2011.08.21"]
[Round "2"]
[White "jonesey"]
[Black "musk6868"]
[Result "1-0"]
[WhiteElo "1979"]
[BlackElo "1937"]
[Opening "Dutch defense"]
[ECO "A81"]
[Time "12:35:38"]
[TimeControl "2700+45"]

1. d4 f5 2. g3 Nf6 3. Bg2 g6 4. Nh3 Bg7 5. O-O O-O 6. f3 Qe8 7. c3 d6 8. Bg5 e5
9. Qb3+ Kh8 10. Nd2 b6 11. Rae1 Bb7 12. e4 fxe4 13. Bxf6 Bxf6 14. Nxe4 Bxe4 15.
Rxe4 Qf7 16. Qxf7 Rxf7 17. dxe5 dxe5 18. f4 Re7 19. fxe5 Bg7 20. Rd4 {Black
resigns} 1-0

[Event "Team 45 45 League T50"]
[Site "Internet Chess Club"]
[Date "2011.08.19"]
[Round "2"]
[White "crimsonviper"]
[Black "fishhead"]
[Result "0-1"]
[WhiteElo "1948"]
[BlackElo "1907"]
[Opening "Queen's pawn: London system"]
[ECO "A45"]
[Time "20:00:05"]
[TimeControl "2700+45"]

1. d4 Nf6 2. Bf4 d6 3. e3 g6 4. Nf3 Nh5 5. Bg5 h6 6. Bh4 c6 7. Bd3 Bg7 8. c4 Qc7
9. Qc2 g5 10. Bg6 fxg6 11. Qxg6+ Kf8 12. Qxh5 gxh4 13. Nxh4 Rh7 14. Ng6+ Kg8 15.
Nc3 Be6 16. Nf4 Bf7 17. Qg4 Qd7 18. Qg3 Na6 19. b3 Kh8 20. h4 h5 21. Ne4 Rh6 22.
Ng5 Bg8 23. Qf3 Qf5 24. e4 Qf6 25. O-O-O Rf8 26. g3 e5 27. dxe5 dxe5 {White
resigns} 0-1

[Event "Team 45 45 League T50"]
[Site "Internet Chess Club"]
[Date "2011.08.19"]
[Round "2"]
[White "DungBeetle"]
[Black "j65536d"]
[Result "0-1"]
[WhiteElo "1593"]
[BlackElo "1758"]
[Opening "Sicilian"]
[ECO "B50"]
[Time "15:07:04"]
[TimeControl "2700+45"]

1. e4 c5 2. Nf3 d6 3. c3 Nf6 4. Be2 Nc6 5. d4 Bd7 6. Qd3 e6 7. O-O Be7 8. Be3
O-O 9. Nbd2 a6 10. Rfe1 Qc7 11. Rad1 Rfd8 12. h3 b5 13. d5 c4 14. Nxc4 exd5 15.
exd5 Nxd5 16. Qxd5 Be6 17. Qh5 bxc4 18. Ng5 Bxg5 19. Qxg5 Rab8 20. Rd2 Rb5 21.
Qg3 Ne7 22. Bf4 Nf5 23. Qh2 Qb6 24. g4 Nh4 25. Qg3 Ng6 26. Bxd6 Rd7 27. Bxc4
Rxb2 28. Rxb2 Qxb2 29. Rxe6 Qc1+ 30. Kg2 fxe6 31. Bxe6+ Rf7 32. Qf3 Nh4+ {White
resigns} 0-1

[Event "Team 45 45 League T50"]
[Site "Internet Chess Club"]
[Date "2011.08.20"]
[Round "2"]
[White "noblitz-oblige"]
[Black "KnightOfCydonia"]
[Result "1-0"]
[WhiteElo "1652"]
[BlackElo "1666"]
[Opening "Four knights: Italian variation"]
[ECO "C55"]
[Time "08:06:58"]
[TimeControl "2700+45"]

1. e4 e5 2. Nf3 Nc6 3. Bc4 Nf6 4. Nc3 Bb4 5. O-O O-O 6. d3 Bxc3 7. bxc3 d5 8.
exd5 Nxd5 9. h3 a6 10. a4 h6 11. Bb3 Be6 12. c4 Nde7 13. Bb2 Ng6 14. Qe2 Nf4 15.
Qe4 f5 16. Qe3 Qd7 17. d4 Nxg2 18. Kxg2 f4 19. Qe2 Bxh3+ 20. Kh2 Bxf1 21. Rxf1
Nxd4 22. Nxd4 exd4 23. c5+ Kh8 24. Qe4 Rae8 25. Qxb7 Qg4 26. Qg2 Qh5+ 27. Qh3
Qe5 28. Rd1 f3+ 29. Kg1 Qg5+ 30. Kf1 Qg2+ 31. Qxg2 fxg2+ 32. Kxg2 Re4 33. Bxd4
Rff4 34. Be3 Rg4+ 35. Kf3 h5 36. c3 Re8 37. Rh1 Rf8+ 38. Ke2 g6 39. Rh2 Rb8 40.
Bc2 Rb2 41. Kd2 Kg7 42. Kd3 Rg1 43. c6 Kf7 44. Bf4 Ra1 45. Bxc7 Raa2 46. f3 Ke7
47. Be5 Kd8 48. c4 Rb6 49. c7+ Kc8 50. Kd4 Rbb2 51. Kc3 Rb6 52. Bf5+ gxf5 53.
Rxa2 h4 54. Rd2 Rc6 55. Rd8+ Kb7 56. Rb8+ Ka7 57. Bd4+ Rb6 58. Bxb6# {Black
checkmated} 1-0

[Event "Team 45 45 League T50"]
[Site "Internet Chess Club"]
[Date "2011.08.20"]
[Round "2"]
[White "chekbouncer"]
[Black "Bible-Believer"]
[Result "1-0"]
[WhiteElo "1481"]
[BlackElo "1444"]
[Opening "Sicilian: Grand Prix attack"]
[ECO "B21"]
[Time "20:01:10"]
[TimeControl "2700+45"]

1. e4 c5 2. f4 d5 3. exd5 Nf6 4. Bb5+ Bd7 5. Bxd7+ Qxd7 6. Nf3 Nxd5 7. d3 Nc6 8.
O-O e6 9. Nc3 Be7 10. Ne4 O-O 11. b3 Rfd8 12. Ne5 Nxe5 13. fxe5 Qc7 14. Qh5 f5
15. exf6 Nxf6 16. Qh3 Nxe4 17. Qxe6+ Kh8 18. Qxe4 Re8 19. Bf4 Qb6 20. Rae1 Rad8
21. Kh1 Rd4 22. Qf5 Qd8 23. Qf7 Rd7 24. Qe6 Rf8 25. Bg5 Rxf1+ 26. Rxf1 Bxg5 27.
Qxd7 {Black resigns} 1-0

[Event "Team 45 45 League T50"]
[Site "Internet Chess Club"]
[Date "2011.08.19"]
[Round "2"]
[White "moto"]
[Black "Xanther"]
[Result "1-0"]
[WhiteElo "1326"]
[BlackElo "1423"]
[Opening "French: Labourdonnais variation"]
[ECO "C00"]
[Time "17:00:06"]
[TimeControl "2700+45"]

1. e4 e6 2. f4 d5 3. e5 c5 4. Bb5+ Nc6 5. Nf3 Qb6 6. Bxc6+ bxc6 7. Nc3 Nh6 8. d3
Nf5 9. b3 Be7 10. Qe2 Nd4 11. Nxd4 cxd4 12. Na4 Bb4+ 13. Bd2 Bxd2+ 14. Qxd2 Qb5
15. O-O O-O 16. Qf2 c5 17. c3 Qxd3 18. cxd4 Qxd4 19. Nxc5 Qxf2+ 20. Rxf2 a5 21.
Rc2 Ba6 22. Nxa6 Rxa6 23. Rac1 h6 24. Kf2 Kh7 25. Rc6 Rxc6 26. Rxc6 Ra8 27. Rc7
Kg6 28. g4 Ra6 29. h4 a4 30. h5+ Kh7 31. b4 a3 32. Rc3 Ra4 33. Rb3 Kh8 34. b5
Ra7 35. b6 Rb7 36. Ke3 Kg8 37. Kd4 Kf8 38. Kc5 Ke7 39. Rxa3 Kd8 40. Ra8+ Kd7 41.
Ra7 Kc8 42. Rxb7 Kxb7 43. a4 g6 44. a5 gxh5 45. gxh5 Kb8 46. a6 Kc8 47. Kc6
{Black resigns} 1-0

[Event "Team 45 45 League T50"]
[Site "Internet Chess Club"]
[Date "2011.08.21"]
[Round "2"]
[White "JWB"]
[Black "redboot"]
[Result "1/2-1/2"]
[WhiteElo "1635"]
[BlackElo "1645"]
[Opening "QGD: Tarrasch, Prague variation, 9.Bg5"]
[ECO "D34"]
[Time "15:00:16"]
[TimeControl "2700+45"]

1. c4 e6 2. Nf3 Nf6 3. Nc3 d5 4. d4 c5 5. cxd5 exd5 6. g3 Nc6 7. Bg2 Be7 8. O-O
O-O 9. Bg5 Be6 10. dxc5 Bxc5 11. Rc1 d4 12. Bxf6 gxf6 13. Ne4 Bb6 14. a3 Qe7 15.
Qd2 Bd5 16. Nc3 Bxf3 17. Bxf3 dxc3 18. Qxc3 Rac8 19. Kg2 Qe5 20. Qc4 Qd4 21. Qc2
Ne7 22. Qb1 Rxc1 23. Qxc1 Rc8 24. Qb1 Ng6 25. Bxb7 Rd8 26. e3 Qd2 27. Bf3 Bxe3
28. b4 Rc8 29. Qe4 Rc2 30. Kh1 Bxf2 31. Rd1 Rc1 32. Qe2 Rxd1+ 33. Qxd1 Qxd1+ 34.
Bxd1 Kf8 35. Kg2 Bd4 36. Kf3 Ke7 37. Ke4 Bb2 38. a4 Ne5 39. g4 Nc6 40. b5 Nd4
41. Kd5 f5 42. gxf5 Nxf5 43. Kc6 Ne3 44. Bf3 f5 45. a5 Bd4 46. b6 Bxb6 47. axb6
axb6 48. Kxb6 Kf6 49. Kc5 Ke5 50. Kb4 Kd4 51. Be2 Ke4 52. Kc3 f4 53. Bd3+ Kf3
54. Bxh7 Ng2 55. Kd2 Kf2 56. Be4 Kg1 57. h3 Kh2 58. Ke2 Kg3 59. Ba8 Nh4 60. Kf1
Kxh3 61. Kf2 Kg4 62. Bb7 Ng6 63. Bc8+ Kg5 64. Bb7 Ne5 65. Ba8 Kg4 66. Be4 Nc4
67. Bf3+ Kh4 68. Bb7 Ne5 69. Ba8 Kg4 70. Be4 {Game drawn by mutual agreement}
1/2-1/2

[Event "Team 45 45 League T50"]
[Site "Internet Chess Club"]
[Date "2011.08.19"]
[Round "2"]
[White "powerchess1"]
[Black "Constrictor"]
[Result "0-1"]
[WhiteElo "1587"]
[BlackElo "1651"]
[Opening "Queen's pawn"]
[ECO "A40"]
[Time "19:06:32"]
[TimeControl "2700+45"]

1. d4 c6 2. Bf4 d5 3. e3 Qb6 4. Nd2 Qxb2 5. Rb1 Qxa2 6. Ra1 Qb2 7. Rb1 Qc3 8.
Bc7 Qa3 9. Ra1 Qc3 10. Qb1 Bf5 11. Bd3 Bxd3 12. cxd3 a5 13. Ne2 Qxa1 14. Qxa1 e6
15. Bxb8 Rxb8 16. Qxa5 Bd6 17. O-O Ne7 18. Nb3 O-O 19. e4 Rfc8 20. e5 Bc7 21.
Qd2 Ra8 22. Nc5 b6 23. Nd7 Rd8 24. Nf6+ gxf6 25. exf6 Nf5 26. g4 Kh8 27. gxf5
Rg8+ 28. Kh1 exf5 29. Qh6 Rg6 30. Qh3 Rag8 31. Qxf5 Bxh2 32. Ng3 Bxg3 33. fxg3
Rxg3 34. Qh5 R8g5 35. Qh6 Rg6 36. Qf8+ Rg8 37. Qh6 R8g6 38. Qh2 h6 39. Re1 Rxd3
40. Re8+ Kh7 41. Re1 Rxd4 42. Rg1 Rxg1+ 43. Qxg1 Rh4+ 44. Qh2 Rxh2+ 45. Kxh2 Kg6
{White resigns} 0-1

[Event "Team 45 45 League T50"]
[Site "Internet Chess Club"]
[Date "2011.08.19"]
[Round "2"]
[White "philosopherking"]
[Black "julesraider"]
[Result "1-0"]
[WhiteElo "1504"]
[BlackElo "1491"]
[Opening "King's Indian: Petrosian system, Stein variation"]
[ECO "E92"]
[Time "19:00:27"]
[TimeControl "2700+45"]

1. d4 Nf6 2. c4 g6 3. Nc3 Bg7 4. Nf3 d6 5. e4 O-O 6. Be2 e5 7. d5 a5 8. h3 Na6
9. Be3 Nc5 10. Qc2 Nh5 11. Qd2 a4 12. O-O f5 13. Bxc5 dxc5 14. Bd3 Nf4 15. exf5
Nxd3 16. fxg6 Nf4 17. gxh7+ Kxh7 18. Ne4 Bh6 19. Qe1 Nxh3+ 20. Kh2 Ng5 21.
Nexg5+ Bxg5 22. Qe4+ Bf5 23. Qxe5 Kg6 24. Nxg5 Qxg5 25. Qg3 Rh8+ 26. Kg1 Qxg3
27. fxg3 Rhf8 28. Rf4 Kg5 29. Raf1 Rf7 30. g4 Bg6 31. Rxf7 Bxf7 32. Rxf7 Rc8 33.
Kf2 Kxg4 34. g3 Kg5 35. Kf3 Kg6 36. Rf4 Rd8 37. g4 Rd6 38. Re4 Rf6+ 39. Kg3 Rf7
40. Re5 Rd7 41. g5 Rf7 42. Kg4 Kg7 43. Re6 Rd7 44. Kf5 Rf7+ 45. Rf6 Rd7 46. g6
Re7 47. Re6 Rd7 48. Ke5 Kf8 49. d6 cxd6+ 50. Rxd6 Re7+ 51. Kd5 Rc7 52. Ke6 Re7+
53. Kf6 Rc7 54. Rd8# {Black checkmated} 1-0

[Event "Team 45 45 League T50"]
[Site "Internet Chess Club"]
[Date "2011.08.22"]
[Round "2"]
[White "Deckfuel"]
[Black "SlimeDog2"]
[Result "1-0"]
[WhiteElo "1979"]
[BlackElo "2084"]
[Opening "French: Tarrasch, closed variation"]
[ECO "C05"]
[Time "03:00:12"]
[TimeControl "2700+45"]

1. e4 e6 2. d4 d5 3. Nd2 Nf6 4. e5 Nfd7 5. f4 c5 6. c3 Nc6 7. Ndf3 Qb6 8. g3
cxd4 9. cxd4 Bb4+ 10. Kf2 g5 11. Kg2 g4 12. Nh4 Qxd4 13. Qxg4 Ndxe5 14. Qh5 Bc5
15. Bb5 Qf2+ 16. Kh3 Ng6 17. Ngf3 e5+ 18. f5 a6 19. Rf1 Qc2 20. Bxc6+ bxc6 21.
Nxe5 Nxe5 22. Re1 O-O 23. Rxe5 f6 24. Re2 Qc4 25. Bh6 Rf7 26. Re8+ Bf8 27. Rxf8+
Rxf8 28. Bxf8 Kxf8 29. Qxh7 Qe4 30. Rf1 Ke8 31. Rf4 Qe2 32. Qg6+ Kd8 33. Qxf6+
Kc7 34. Nf3 Rb8 35. Nd4 Qe8 36. Rh4 Rxb2 37. Rh8 {Black resigns} 1-0

[Event "Team 45 45 League T50"]
[Site "Internet Chess Club"]
[Date "2011.08.22"]
[Round "2"]
[White "musk6868"]
[Black "randallsr"]
[Result "0-1"]
[WhiteElo "1912"]
[BlackElo "1732"]
[Opening "Queen's pawn: Keres defense"]
[ECO "A40"]
[Time "20:34:54"]
[TimeControl "2700+45"]

1. d4 e6 2. c4 b6 3. e4 Bb7 4. Bd3 d6 5. Nf3 Nd7 6. O-O Be7 7. Nc3 h6 8. a4 a5
9. Be3 c5 10. d5 e5 11. Nd2 Ngf6 12. f4 exf4 13. Bxf4 Ne5 14. Bxe5 dxe5 15. Nf3
Bd6 16. Nb5 Bc8 17. h3 O-O 18. Ne1 Qe7 19. Nc2 Bd7 20. Ne3 Ne8 21. Nf5 Bxf5 22.
Rxf5 g6 23. Qg4 Rd8 24. Raf1 Rd7 25. Qg3 Kh7 26. R5f3 Kg7 27. h4 h5 28. Be2 Kh7
29. R3f2 Nc7 30. Nxd6 Rxd6 31. Qh3 f6 32. g4 hxg4 33. Bxg4 Rh8 34. Qg3 Kg7 35.
Rg2 Rh6 36. Bf5 Qe8 37. h5 g5 38. Bg6 Qe7 39. Rgf2 Ne8 40. Qb3 Qd7 41. Rf5 Rxg6
42. hxg6 Kxg6 43. Qc2 Ng7 44. R5f3 Nh5 45. Kf2 Qg4 46. Qd3 Qh4+ 47. Ke3 Nf4 48.
Qc2 Rd8 49. Qf2 Qh6 50. Rxf4 exf4+ 51. Kd3 Rh8 52. Qe2 Qf8 53. e5 fxe5 54. Qxe5
Qf5+ 55. Qxf5+ Kxf5 56. Re1 g4 57. Ke2 Rh2+ 58. Kd3 g3 59. d6 Rh8 60. Ke2 Re8+
61. Kd2 Rd8 62. Ke2 Rxd6 63. Kf3 Rd3+ 64. Kg2 Kg4 65. Re4 Rd2+ 66. Kf1 Rxb2 67.
Re6 Kf3 68. Ke1 g2 69. Rg6 Rb1+ 70. Kd2 g1=Q 71. Re6 Rb2+ 72. Kc3 Qd4# {White
checkmated} 0-1

[Event "Team 45 45 League T50"]
[Site "Internet Chess Club"]
[Date "2011.08.21"]
[Round "2"]
[White "Goli"]
[Black "Warpdrive"]
[Result "1-0"]
[WhiteElo "1833"]
[BlackElo "1601"]
[Opening "Caro-Kann: Panov-Botvinnik attack"]
[ECO "B13"]
[Time "16:00:21"]
[TimeControl "2700+45"]

1. e4 c6 2. d4 d5 3. exd5 cxd5 4. c4 Nf6 5. Nc3 Nc6 6. Nf3 e6 7. a3 Be7 8. c5
O-O 9. Bb5 Bd7 10. O-O Na5 11. Bd3 Nc6 12. Bf4 h6 13. Re1 Nh7 14. Nb5 Na5 15.
Nd6 Bxd6 16. Bxd6 Re8 17. b4 Nc6 18. b5 Ne7 19. Ne5 Nc8 20. Qh5 Nxd6 21. cxd6
Rf8 22. Re3 Be8 23. Rg3 Ng5 24. f4 f6 25. Ng6 Ne4 26. Bxe4 dxe4 27. Qg4 f5 28.
Ne7+ {Black resigns} 1-0

[Event "Team 45 45 League T50"]
[Site "Internet Chess Club"]
[Date "2011.08.22"]
[Round "2"]
[White "BotanicalKnight"]
[Black "justice02"]
[Result "0-1"]
[WhiteElo "1597"]
[BlackElo "1797"]
[Opening "Caro-Kann defense"]
[ECO "B10"]
[Time "21:34:49"]
[TimeControl "2700+45"]

1. e4 c6 2. g3 d5 3. e5 Bf5 4. d3 d4 5. Bg2 e6 6. f4 h5 7. Nf3 Qb6 8. h3 Be7 9.
Nbd2 Na6 10. a3 Nc5 11. b3 O-O-O 12. Qe2 Nd7 13. Nc4 Qc7 14. Nxd4 Nh6 15. Be3
Nb6 16. Nxb6+ axb6 17. Qf2 c5 18. Nb5 Qd7 19. Qf3 Kb8 20. a4 Bg6 21. a5 Nf5 22.
Bf2 Nd4 23. Nxd4 cxd4 24. Bxd4 bxa5 25. O-O Qc7 26. Qe3 Rxd4 27. Kh1 Rd7 28. Ra4
Bb4 29. Rfa1 Qc5 30. Qxc5 Bxc5 31. Rxa5 Rc8 32. Ra8+ Kc7 33. R8a4 Kd8 34. Rc4
Bf2 35. Rxc8+ Kxc8 36. Kh2 Kb8 37. Bf3 Bd4 38. Ra4 f6 39. exf6 Bxf6 40. Ra5 Rc7
41. Bd1 Bd8 42. Re5 Rc6 43. Kg2 Bf7 44. c4 g6 45. b4 Bc7 46. Rg5 Rd6 47. Be2 b6
48. b5 Bd8 49. Re5 Bf6 50. Re3 Be8 51. Bf1 Bd7 52. Be2 Bc8 53. Bf1 Kc7 54. Kh2
Bb7 55. Be2 Bd4 56. Rf3 {White resigns} 0-1

[Event "Team 45 45 League T50"]
[Site "Internet Chess Club"]
[Date "2011.08.22"]
[Round "2"]
[White "TerryMalloy"]
[Black "imawesome"]
[Result "1/2-1/2"]
[WhiteElo "2014"]
[BlackElo "1789"]
[Opening "Catalan opening"]
[ECO "E00"]
[Time "16:15:57"]
[TimeControl "2700+45"]

1. d4 Nf6 2. c4 e6 3. g3 Bb4+ 4. Nd2 d5 5. Nf3 O-O 6. Bg2 b6 7. O-O Bb7 8. Qc2
c5 9. Nb3 cxd4 10. Rd1 Nc6 11. Bg5 Rc8 12. Rac1 Na5 13. Nxa5 Bxa5 14. Qa4 Bc6
15. Qa3 dxc4 16. Rxd4 Qe8 17. Bxf6 gxf6 18. Qe3 Bxf3 19. Bxf3 Qe7 20. Qh6 f5 21.
Kg2 b5 22. Rh4 f6 23. Rd1 Rcd8 24. Rxd8 Rxd8 25. e4 Qg7 26. Qf4 Qg5 27. exf5
{Game drawn by mutual agreement} 1/2-1/2

[Event "Team 45 45 League T50"]
[Site "Internet Chess Club"]
[Date "2011.08.21"]
[Round "2"]
[White "bondguy01"]
[Black "mmf00"]
[Result "1-0"]
[WhiteElo "1708"]
[BlackElo "1885"]
[Opening "Sicilian: accelerated fianchetto, modern variation with Bc4"]
[ECO "B35"]
[Time "16:00:23"]
[TimeControl "2700+45"]

1. e4 c5 2. Nf3 Nc6 3. d4 cxd4 4. Nxd4 g6 5. Nc3 Bg7 6. Be3 Nf6 7. Bc4 Qa5 8.
O-O O-O 9. Nb3 Qc7 10. Bg5 d6 11. Bxf6 Bxf6 12. Nd5 Qd8 13. Nxf6+ exf6 14. Qd2
Qe7 15. Rfe1 Be6 16. Bd5 Qc7 17. c3 Kg7 18. Rac1 Bxd5 19. Qxd5 Ne7 20. Qd3 Rfd8
21. Qg3 f5 22. Nd4 fxe4 23. Rxe4 Qd7 24. Rxe7 Qxe7 25. Nf5+ Kf8 26. Nxe7 Kxe7
27. Qh4+ Kd7 28. Qxh7 Rf8 29. Qh3+ Kc7 30. Qg3 Rae8 31. Kf1 Re6 32. Re1 Rfe8 33.
Rxe6 Rxe6 {Black resigns} 1-0

[Event "Team 45 45 League T50"]
[Site "Internet Chess Club"]
[Date "2011.08.22"]
[Round "2"]
[White "juniorVishy"]
[Black "Buford-Julep"]
[Result "0-1"]
[WhiteElo "1646"]
[BlackElo "1678"]
[Opening "QGA: 3.e4"]
[ECO "D20"]
[Time "19:03:30"]
[TimeControl "2700+45"]

1. d4 d5 2. c4 dxc4 3. e4 e5 4. d5 Nf6 5. Nc3 b5 6. a3 Bc5 7. Bg5 h6 8. Bh4 a6
9. Nf3 Nbd7 10. Be2 Bb7 11. Nd2 Qe7 12. a4 b4 13. Na2 c6 14. Bxc4 cxd5 15. exd5
Nb6 16. Bxf6 Qxf6 17. O-O Nxc4 18. Nxc4 O-O 19. Qd2 a5 20. Nc1 Rfd8 21. Ne3 Qg5
22. Re1 Rxd5 23. Qc2 Bxe3 24. fxe3 Rad8 25. Nb3 Rd2 26. Qxd2 Rxd2 27. g3 Rg2+
28. Kh1 Rxb2+ 29. Kg1 Rg2+ 30. Kh1 Ra2+ 31. Kg1 Rxa1 32. Nxa1 Qf5 33. Rf1 Qe4
34. Rf2 Qh1# {White checkmated} 0-1

[Event "Team 45 45 League T50"]
[Site "Internet Chess Club"]
[Date "2011.08.20"]
[Round "2"]
[White "achessman"]
[Black "bshribharath"]
[Result "1-0"]
[WhiteElo "1941"]
[BlackElo "1637"]
[Opening "French: Chigorin variation"]
[ECO "C00"]
[Time "21:15:42"]
[TimeControl "2700+45"]

1. e4 e6 2. Qe2 c5 3. Nf3 Nc6 4. g3 d6 5. Bg2 Nf6 6. O-O Be7 7. c3 O-O 8. Rd1
Qb6 9. d4 cxd4 10. cxd4 d5 11. Nc3 Nxe4 12. Nxe4 dxe4 13. Qxe4 Rd8 14. Rb1 e5
15. d5 g6 16. Be3 Qb4 17. Qxb4 Nxb4 18. Nxe5 Bf5 19. Rbc1 Bf6 20. f4 Bxe5 21.
fxe5 Nd3 22. Rc7 Nxe5 23. Bd4 Bg4 24. Rf1 Re8 25. Bxe5 Rxe5 26. h3 Bf5 27. g4
Be4 28. Bxe4 Rxe4 29. Rfxf7 Rae8 30. Rg7+ Kh8 31. Rxh7+ Kg8 32. Rhg7+ Kh8 33.
Rxb7 Re1+ 34. Kg2 R8e2+ 35. Kg3 g5 36. Rxg5 Re3+ 37. Kh4 Rh1 38. Rh5+ Kg8 39.
Kg5 Re5+ 40. Kg6 {Black resigns} 1-0

[Event "Team 45 45 League T50"]
[Site "Internet Chess Club"]
[Date "2011.08.20"]
[Round "2"]
[White "FlyingTiger"]
[Black "BigH"]
[Result "1-0"]
[WhiteElo "1838"]
[BlackElo "1896"]
[Opening "French: Winawer, advance, Bogolyubov variation"]
[ECO "C17"]
[Time "12:10:05"]
[TimeControl "2700+45"]

1. e4 e6 2. d4 d5 3. Nc3 Bb4 4. e5 c5 5. Bd2 Ne7 6. Nb5 Bxd2+ 7. Qxd2 O-O 8. f4
Nbc6 9. Nf3 a6 10. Nd6 Nxd4 11. Nxd4 cxd4 12. Bd3 f6 13. O-O Nc6 14. Qe2 Qc7 15.
Qh5 f5 16. Rf3 g6 17. Rg3 b5 18. Qg5 Qe7 19. Qh6 Qg7 20. Qg5 Nd8 21. h4 Nf7 22.
Nxf7 Kxf7 23. h5 Bd7 24. h6 Qh8 25. Be2 Rfc8 26. Bh5 Be8 27. Bxg6+ hxg6 28.
Qxg6+ Ke7 29. Qg5+ Kd7 30. Qh4 Bf7 31. Rg7 Rf8 32. Qf6 Rae8 33. Rxf7+ Rxf7 34.
Qxf7+ Re7 35. Qg6 Rh7 36. Kf2 Rxh6 37. Qf7+ Kc6 38. Qa7 Rh2 39. Qxa6+ Kc7 40.
Qd6+ Kb7 41. Qd7+ Ka8 42. Qc6+ Ka7 43. Qc7+ Ka8 44. Qa5+ Kb8 45. Qxb5+ Ka8 46.
Qc6+ Ka7 47. Qd7+ Ka8 48. Qe7 Qh3 49. Qa3+ Qxa3 50. bxa3 Rh4 51. Kf3 Rh7 52. Rb1
Ra7 53. Rb3 Ra4 54. g4 fxg4+ 55. Kxg4 Ka7 56. Kg5 Rc4 57. Rb2 Rc3 58. Kf6 d3 59.
cxd3 Rxd3 60. Kxe6 d4 61. f5 {Black resigns} 1-0